 Dungeon Crawl Stone Soup version 0.31-a0-1068-g5939ac1fb6 (webtiles) character file.

Game seed: 11175283117262892310

3788 gruber the Destroyer (level 10, -19/61 HPs)
             Began as an Octopode Venom Mage on Nov 22, 2023.
             Was an Initiate of Gozag.
             Demolished by a two-headed ogre
             ... wielding a +0 giant spiked club
              (27 damage)
             ... on level 9 of the Dungeon on Nov 23, 2023.
             The game lasted 00:14:27 (10354 turns).

gruber the Destroyer (Octopode Venom Mage)         Turns: 10354, Time: 00:14:27

Health: -19/61     AC:  1    Str:  7 (8)  XL:     10   Next: 16%
Magic:  5/19       EV: 12    Int: 20 (22) God:    Gozag
Gold:   409        SH:  3    Dex: 12      Spells: 9/21 levels left

rFire   + . .        m - +2 whip (drain)
rCold   + + .        B - +0 buckler
rNeg    . . .        (helmet restricted)
rPois   +            p - amulet of regeneration
rElec   .            c - ring of protection from cold
rCorr   .            s - ring of willpower
SInv    .            u - ring of protection from cold
Will    +....        x - ring of poison resistance
Stlth   +++          C - ring of fire
HPRegen 1.10/turn    z - ring of protection from cold
MPRegen 0.16/turn    (no ring)
                     (no ring)

%: no passive effects
@: gold aura
A: almost no armour, amphibious, 8 rings, camouflage 1, gelatinous body 1,
(nimble swimmer 1), tentacles, deterioration 2, robust 1
a: Renounce Religion, Potion Petition, Call Merchant, Bribe Branch


You were on level 9 of the Dungeon.
You worshipped Gozag.
Gozag was aware of your devotion.
You visited 2 branches of the dungeon, and saw 10 of its levels.
You also visited: Sewer.

You collected 521 gold pieces.
You paid 112 gold pieces to Gozag.

Inventory:

Hand Weapons
 m - a +2 whip of draining (weapon)
Armour
 B - a +0 buckler (worn)
Jewellery
 c - a ring of protection from cold (left tentacle)
 p - an amulet of regeneration (around mantle)
 s - a ring of willpower (right tentacle)
 u - a ring of protection from cold (on tentacle)
 x - a ring of poison resistance (on tentacle)
 z - a ring of protection from cold (on tentacle)
 C - a ring of fire (on tentacle)
Wands
 t - a wand of mindburst (4)
 E - a wand of flame (24)
 F - a wand of digging (8)
Scrolls
 b - a scroll of enchant weapon {unknown}
 f - 2 scrolls of amnesia {unknown}
 g - 3 scrolls of vulnerability {unknown}
 i - 5 scrolls of teleportation {unknown}
 k - 3 scrolls of fog {unknown}
 l - 10 scrolls of identify {unknown}
 n - a scroll of immolation
 o - a scroll of enchant armour {unknown}
 r - a scroll of poison {unknown}
 y - a scroll of brand weapon {unknown}
 D - a scroll of revelation {unknown}
 G - a scroll of fear {unknown}
Potions
 a - a potion of magic
 d - a potion of berserk rage {unknown}
 e - 2 potions of mutation
 h - 5 potions of curing {unknown}
 j - a potion of cancellation {unknown}
 q - 2 potions of degeneration {unknown}
 v - 2 potions of brilliance {unknown}
 w - 4 potions of attraction {unknown}
 A - a potion of resistance {unknown}
 H - a potion of heal wounds


   Skills:
 - Level 2.0 Dodging
 - Level 2.6 Stealth
 - Level 6.4 Spellcasting
 * Level 10.5 Conjurations
 - Level 1.0 Transmutations
 - Level 9.2 Poison Magic


You had 9 spell levels left.
You knew the following spells:

 Your Spells              Type           Power      Damage    Failure   Level
a - Sting                 Tmut/Pois      100%       1d8       1%          1
b - Poisonous Vapours     Pois/Air       48%        N/A       3%          2
c - Olgreb's Toxic Radia  Pois           43%        N/A       3%          4
d - Searing Ray           Conj           96%        2d7       1%          2
e - Mephitic Cloud        Conj/Pois/Air  32%        N/A       3%          3

Your spell library contained the following spells:

 Spells                   Type           Power      Damage    Failure   Level
 Kiss of Death            Conj/Necr      100%       2d13      1%          1
 Magic Dart               Conj           100%       1d8       1%          1
 Dazzling Flash           Conj/Hex       54%        N/A       6%          3
 Cigotuvi's Dreadful Rot  Necr/Pois/Air  36%        N/A       7%          2
 Wereblood                Tmut           10%        N/A       17%         2
 Fulminant Prism          Conj/Hex       13%        3d8       19%         4
 Passwall                 Tmut/Erth      6%         N/A       21%         2
 Ensorcelled Hibernation  Hex/Ice        12%        N/A       26%         2
 Irradiate                Conj/Tmut      14%        3d16      41%         5
 Confusing Touch          Hex            6%         N/A       45%         3
 Swiftness                Air            6%         N/A       45%         3
 Tukima's Dance           Hex            6%         N/A       45%         3
 Dispel Undead            Necr           6%         3d8       86%         4
 Passage of Golubria      Tloc           6%         N/A       86%         4
 Yara's Violent Unravell  Hex/Tmut       4%         3d4       98%         5
 Agony                    Necr           6%         N/A       99%         5
 Silence                  Hex/Air        3%         N/A       99%         5
 Death Channel            Necr           3%         N/A       100%        6


Dungeon Overview and Level Annotations

Branches:
Dungeon (9/15)             Temple (1/1) D:7           Sewer (visited)
   Lair: D:8-11         Orc: D:9-12

Altars:
Ashenzari
Cheibriados
Dithmenos
Elyvilon
Fedhas
Gozag
Hepliaklqana
Kikubaaqudgha
Makhleb
Nemelex Xobeh
Okawaru
Qazlal
Sif Muna
Trog
Uskayaw
Vehumet
Wu Jian
Xom
Yredelemnul
Zin
The Shining One

Shops:
D:1 *((   D:6 =

Annotations:
D:4 3 runed translucent doors, t4s4d4r's ghost, amateur OpSh


Innate Abilities, Weirdness & Mutations

You cannot wear most types of armour.
You are amphibious.
You can wear up to eight rings at the same time.
Your skin changes colour to match your surroundings (Stealth+).
Your rubbery body absorbs attacks. (AC +1, EV +1)
((You are camouflaged when in or above water. (Stealth+)))
You have tentacles for arms and can constrict up to eight enemies at once.
Your body often deteriorates upon taking damage.
You are robust. (+10% HP)


Message History

The two-headed ogre is engulfed in noxious fumes.
The two-headed ogre appears confused.
The two-headed ogre hits you with a +0 giant spiked club!
The two-headed ogre barely misses you.
Unknown command.
Unknown command.
Unknown command.
Casting: Olgreb's Toxic Radiance (dangerous; 3% risk of failure)
Confirm with . or Enter, or press ? or * to list all spells.
Aiming: Sting (safe; 1% risk of failure)
Press: ? - help, Shift-Dir - straight line, f/p - two-headed ogre
Aim: a two-headed ogre, wielding a +0 giant spiked club and a +0 giant club (noxious fumes, heavily wounded, confused, extremely poisoned, 98% to hit)
The sting hits the two-headed ogre.
The two-headed ogre looks as sick as possible!
The two-headed ogre is heavily wounded.
Unknown command.
You catch the helpless two-headed ogre completely off-guard!
You hit the two-headed ogre but do no damage.
The two-headed ogre is heavily wounded.
Your toxic aura wanes.
The two-headed ogre is engulfed in noxious fumes.
The two-headed ogre says, "Why is everything spinning?"
The two-headed ogre hits you with a +0 giant spiked club!!
Ouch! That really hurt!
* * * LOW HITPOINT WARNING * * *
The two-headed ogre barely misses you.
Unknown command.
Casting: Sting (safe; 1% risk of failure)
Confirm with . or Enter, or press ? or * to list all spells.
Aiming: Sting (safe; 1% risk of failure)
Press: ? - help, Shift-Dir - straight line, f/p - two-headed ogre
Aim: a two-headed ogre, wielding a +0 giant spiked club and a +0 giant club (noxious fumes, severely wounded, confused, extremely poisoned, 98% to hit)
The sting hits the two-headed ogre.
The two-headed ogre looks as sick as possible!
The two-headed ogre is severely wounded.
The two-headed ogre seems less confused.
The two-headed ogre is engulfed in noxious fumes.
The two-headed ogre hits you with a +0 giant spiked club!!
You die...
Your body crumbles into a pile of gold.

##.#######....##
#........'.....#
##########.....#
##.......#
##..######...
#..##.... ##
#.##....
#.#°.♣.♣ #@O°..♣
#.'.○♣.♣ ###..♣
#... #.... ####


You could see a two-headed ogre (extremely poisoned).

Vanquished Creatures
  A two-headed ogre (D:8)
  An unseen horror (D:7)
  Grinder (D:6)
  A steam dragon (D:7)
  3 water moccasins
  A sky beast (D:8)
  A black bear (D:4)
  2 ogres
  A phantom (D:4)
  A centaur (D:8)
  Blork the orc (D:6)
  3 bullfrogs
  3 scorpions
  5 wights (D:8)
  A killer bee (D:9)
  A howler monkey (D:5)
  A centaur zombie (D:8)
  6 hounds
  2 jellies
  Crazy Yiuf (D:7)
  4 orc priests
  A sleepcap (D:6)
  3 iguanas
  An orc wizard (D:6)
  3 ogre zombies (D:8)
  A mummy (D:8)
  3 gnolls (D:2)
  14 adders
  8 river rats
  A shadow imp (D:7)
  2 white imps
  2 ufetubi (D:6)
  3 worms
  A dart slug (D:3)
  16 orcs
  3 bats
  5 endoplasms
  10 giant cockroaches
  9 goblins
  7 hobgoblins
  5 jackals (D:2)
  10 kobolds
  5 quokkas
  26 ball pythons
  A frilled lizard (Sewer)
  23 rats
204 creatures vanquished.

Notes
Turn   | Place    | Note
-------+----------+-------------------------------------------
     0 | D:1      | gruber the Octopode Venom Mage began the quest for the Orb.
     0 | D:1      | Reached XP level 1. HP: 11/11 MP: 3/3
    19 | D:1      | Found Qifidu's General Store.
   219 | D:1      | Reached XP level 2. HP: 16/17 MP: 3/5
   362 | D:1      | Found Qehigirch's Weapon Shop.
   471 | D:1      | Found Teykon's Antique Weapon Shop.
   482 | D:1      | Learned a level 2 spell: Poisonous Vapours
  1039 | D:2      | Reached XP level 3. HP: 21/21 MP: 4/6
  1055 | D:2      | Reached skill level 5 in Poison Magic
  1395 | D:2      | Found a faded altar of an unknown god.
  1604 | D:2      | Reached XP level 4. HP: 23/27 MP: 4/7
  2324 | D:3      | Noticed an ogre
  2352 | D:3      | Killed an ogre
  2353 | D:3      | Reached XP level 5. HP: 5/31 MP: 0/8
  2353 | D:3      | Gained mutation: Your body sometimes deteriorates upon
                  | taking damage. [potion of mutation]
  2353 | D:3      | Gained mutation: You are robust. (+10% HP) [potion of
                  | mutation]
  2353 | D:3      | Gained mutation: Your body often deteriorates upon taking
                  | damage. [potion of mutation]
  2516 | D:3      | Found a glowing golden altar of the Shining One.
  2582 | D:3      | Learned a level 4 spell: Olgreb's Toxic Radiance
  2820 | D:3      | Found an ancient bone altar of Kikubaaqudgha.
  3088 | D:3      | Reached XP level 6. HP: 39/39 MP: 2/9
  3667 | D:4      | Found a stormy altar of Qazlal.
  3775 | D:4      | Found a runed translucent gate.
  3775 | D:4      | Found a runed translucent gate.
  3775 | D:4      | Found a runed translucent gate.
  3798 | D:4      | Noticed t4s4d4r's ghost (amateur OpSh)
  3798 | D:4      | Noticed an ice beast
  3801 | D:4      | Noticed an ice beast
  4646 | D:4      | Noticed a black bear
  4656 | D:4      | Killed a black bear
  4657 | D:4      | Reached XP level 7. HP: 45/45 MP: 0/10
  4839 | D:5      | Entered Level 5 of the Dungeon
  4878 | D:5      | Found an iron altar of Okawaru.
  5008 | D:5      | Found a glowing drain.
  5080 | Sewer    | Entered a sewer
  5960 | D:4      | Reached skill level 5 in Spellcasting
  5960 | D:4      | Reached XP level 8. HP: 26/50 MP: 0/15
  7024 | D:5      | Found a blossoming altar of Fedhas.
  7024 | D:5      | Found a broken altar of Ashenzari.
  7028 | D:5      | Learned a level 2 spell: Searing Ray
  7035 | D:5      | Found a bloodstained altar of Trog.
  7037 | D:5      | Found a basalt altar of Yredelemnul.
  7039 | D:5      | Found an ornate altar of the Wu Jian Council.
  7180 | D:6      | Reached skill level 2 in Conjurations
  7407 | D:6      | Reached skill level 3 in Conjurations
  7771 | D:6      | Found Ybunoq's One-of-a-Kind Rings.
  7782 | D:6      | Noticed Blork the orc
  7783 | D:6      | Noticed Grinder
  7789 | D:6      | Killed Blork the orc
  7790 | D:6      | Reached skill level 4 in Conjurations
  7991 | D:7      | Reached skill level 5 in Conjurations
  7991 | D:7      | Reached XP level 9. HP: 56/56 MP: 5/18
  8283 | D:7      | Reached skill level 6 in Conjurations
  8328 | D:7      | Found a runed translucent door.
  8329 | D:7      | Noticed Crazy Yiuf
  8452 | D:7      | Killed an unseen horror
  8453 | D:7      | Reached skill level 7 in Conjurations
  8589 | D:7      | Found a shimmering altar of Xom.
  8647 | D:7      | Found a staircase to the Ecumenical Temple.
  8832 | D:7      | Killed Crazy Yiuf
  8937 | D:6      | Killed Grinder
  9363 | Temple   | Entered the Ecumenical Temple
  9364 | Temple   | Upgraded the game from 0.31-a0-1066-g35875b34c7 to
                  | 0.31-a0-1068-g5939ac1fb6
  9372 | Temple   | Became a worshipper of Gozag Ym Sagoz the Greedy
  9428 | D:8      | Noticed a cyclops
  9484 | D:8      | Noticed a two-headed ogre
  9488 | D:8      | HP: 2/56 [two-headed ogre/+0 giant club (25)]
  9507 | D:8      | Killed a two-headed ogre
  9508 | D:8      | Reached skill level 9 in Conjurations
  9599 | D:8      | Learned a level 3 spell: Mephitic Cloud
  9641 | D:8      | Noticed a tengu conjurer
  9643 | D:8      | Noticed a skeletal warrior
  9731 | D:8      | Reached XP level 10. HP: 61/61 MP: 10/19
  9877 | D:8      | Reached skill level 10 in Conjurations
 10261 | D:8      | Found a radiant altar of Vehumet.
 10347 | D:9      | Noticed a two-headed ogre
 10354 | D:9      | Demolished by a two-headed ogre

Illustrated notes

Levels and vault maps discovered:
D:1:      dpeg_arrival_more_subterranean_lakeside_camping, layout_rooms,
          serial_shops, nicolae_lakefront_shop, shop, shop, wad_floor_pattern_2,
          glass_columns_a
D:2:      layout_loops_ring, hellmonk_ecumenical_altar_blasted
D:3:      layout_loops_cross, general_overflow_altar,
          mainiacjoe_overflow_surrounded_room, minmay_puff
D:4:      minmay_evil_eye, layout_loops_corners, grunt_qazlal_sundering,
          gammafunk_ghost_icy, kennysheep_generic_room_5
D:5:      layout_layer_cave, kennysheep_okawaru_gauntlet,
          chequers_temple_overflow_minitemple, portal_sewer_entry_a
D:6:      wad_pebble_path, layout_basic, nicolae_shop_unique_rings,
          kennysheep_generic_room_11, uniq_grinder, uniq_blork_the_orc
D:7:      layout_rooms, kennysheep_mini_moat, minmay_temple_entry_poolview,
          hex_medium, uniq_crazy_yiuf_cottage
D:8:      minmay_diamond_stairs, layout_basic, vehumet_statue,
          minmay_mini_ossuary
D:9:      minmay_the_grid_octo_2x2 [minmay_the_grid_octo_focus,
          minmay_the_grid_octo_fat_diamond, minmay_the_grid_octo_empty,
          minmay_the_grid_octo_prize_square_snowflake], layout_basic,
          lair_entry_dummy, grunt_decor_mini_mirrors, dk_noncrumbling_2,
          kennysheep_generic_room_3
Temple:   nicolae_temple_two_arcs

Skill      XL: |  1  2  3  4  5  6  7  8  9 10 |
---------------+-------------------------------+-----
Poison Magic   | 4 5 7 9 |  9.2
Spellcasting   | 5 6 |  6.4
Conjurations   | 5 9 10 | 10.5
Dodging        | |  2.0
Stealth        | |  2.6
Transmutations | |  1.0

Action                     |  1- 3 |  4- 6 |  7- 9 | 10-12 || total
---------------------------+-------+-------+-------+-------++-------
  Melee: Unarmed           |    12 |       |       |       ||    12
         Tentacles         |     6 |     1 |     9 |     3 ||    19
         Constrict         |     5 |     1 |    15 |     3 ||    24
         Whip              |     7 |    14 |    56 |     7 ||    84
         Punch             |       |     1 |     1 |       ||     2
   Cast: Sting             |    44 |    84 |    58 |     2 ||   188
         Poisonous Vapours |    11 |    14 |     9 |       ||    34
         Olgreb's Toxic Ra |       |     1 |    50 |     5 ||    56
         Searing Ray       |       |       |    14 |     9 ||    23
         Mephitic Cloud    |       |       |       |     1 ||     1
  Evoke: Wand              |       |       |     2 |       ||     2
    Use: Potion            |       |     3 |     3 |       ||     6
   Stab: Sleeping          |     1 |     1 |     1 |       ||     3
         Confused          |       |       |       |     1 ||     1
 Armour: Skin              |    19 |    34 |    99 |    17 ||   169
  Dodge: Dodged            |    14 |    47 |   107 |    13 ||   181
  Block: Buckler           |       |       |     3 |     2 ||     5

Table legend: (Time is in decaauts)
 A = Elapsed time spent in this place.
 B = Non-inter-level travel time spent in this place.
 C = Inter-level travel time spent in this place.
 D = Time resting spent in this place.
 E = Time spent auto-exploring this place.
 F = Levels seen in this place.
 G = Mean time per level.
                   A        B        C        D        E       F      G
               +--------+--------+--------+--------+--------+-----+--------+
         Total |  10359 |   9932 |    427 |    388 |   8136 |  11 |  941.7 |
       Dungeon |   9851 |   9442 |    409 |    388 |   7756 |   9 | 1094.6 |
        Temple |     18 |      1 |     17 |      0 |      0 |   1 |   18.0 |
         Sewer |    489 |    489 |      0 |      0 |    380 |   1 |  489.0 |
               +--------+--------+--------+--------+--------+-----+--------+

Top non-repeatable levels by time:
     D:5: 1641 daAuts
     D:4: 1558 daAuts
     D:2: 1337 daAuts
     D:3: 1260 daAuts
     D:7: 1244 daAuts
     D:6: 1040 daAuts
     D:1: 884 daAuts
     D:8: 830 daAuts
   Sewer: 489 daAuts
     D:9: 54 daAuts
  Temple: 18 daAuts
